Gangsters vs Demolitions
Created - February 9, 2019 at 19:20
Goals
|
| Gangsters |
1 |
1 |
0 |
2 |
| Demolitions |
2 |
0 |
1 |
3 |
|
Shots
|
| Gangsters |
12 |
14 |
18 |
44 |
| Demolitions |
16 |
10 |
10 |
36 |
|
1st period
1. Demolitions , Andrej Nestrasil 6 (Dmitri Orlov 14, Cameron Schilling 28) at 9:37
2. Gangsters , Maxime Sauvé 35 (Richard Panik 23, Dave Dziurzynski 39) at 10:11 (PP)
3. Demolitions , Andrej Nestrasil 7 (Dmitri Orlov 15, Cameron Schilling 29) at 17:11
Penalties :
Michael Latta (Vic) for Tripping (Minor) at 9:59
2nd period
4. Gangsters , Stefan Noesen 17 (Alexander Wennberg 29, Jonas Brodin 11) at 19:52
Penalties :
No Penalty
3rd period
5. Demolitions , Brandon McMillan 11 (Corban Knight 31, Dmitri Orlov 16) at 11:59
Penalties :
No Penalty
Goalie Stats
Dustin Tokarski (Bro), 33 saves from 36 shots - (0.917), L, 15-20-3, 58:54 minutes
Connor Hellebyuk (Vic), 42 saves from 44 shots - (0.955), W, 14-11-3, 60:00 minutes
Players Stats for Gangsters
Player Name G A P +/- PIM S H SB GA TA FO MP PP MP PK MP
------------------------------------------------------------------------------------
Alexander Wennberg 0 1 1 0 0 2 0 0 1 0 1/3 12:35 0:00 0:00
Artturi Lehkonen 0 0 0 0 0 4 0 0 0 0 0/0 9:32 0:00 0:00
Austen Brassard 0 0 0 0 0 0 0 0 0 0 0/0 0:03 0:00 0:00
Brett Ponich 0 0 0 0 0 0 1 1 0 0 0/0 23:50 0:12 0:00
Dave Dziurzynski 0 1 1 -1 0 8 1 1 2 0 0/2 21:26 0:12 0:00
David Pope 0 0 0 -1 0 0 1 0 0 0 0/0 16:24 0:00 0:00
Derrick Pouliot 0 0 0 0 0 1 0 1 0 0 0/0 18:45 0:00 0:00
Devante Smith-Pelly 0 0 0 -1 0 5 2 1 2 0 1/1 16:21 0:00 0:00
Jonas Brodin 0 1 1 0 0 1 1 0 0 0 0/0 18:12 0:00 0:00
Jordan Subban 0 0 0 0 0 0 0 0 0 0 0/0 5:50 0:00 0:00
Kevin Roy 0 0 0 0 0 0 0 0 0 0 0/0 0:19 0:00 0:00
Matt Delahey 0 0 0 0 0 2 2 0 0 0 0/0 26:47 0:12 0:00
Maxime Sauvé 1 0 1 -1 0 4 0 1 2 0 15/32 21:26 0:12 0:00
Phillip Danault 0 0 0 0 0 0 1 0 0 0 0/0 12:28 0:00 0:00
Richard Panik 0 1 1 -1 0 7 1 2 3 0 1/3 21:26 0:12 0:00
Ryan Culkin 0 0 0 -2 0 3 1 1 0 0 0/0 13:22 0:00 0:00
Sebastian Collberg 0 0 0 0 0 0 0 0 0 1 1/1 9:32 0:00 0:00
Seth Griffith 0 0 0 0 0 2 1 0 0 0 0/1 9:32 0:00 0:00
Stefan Noesen 1 0 1 0 0 2 4 0 0 0 0/0 12:32 0:00 0:00
Steven Santini 0 0 0 -2 0 1 0 0 0 0 0/0 13:14 0:00 0:00
Tomas Hertl 0 0 0 -1 0 2 4 0 0 1 7/14 16:24 0:00 0:00
Players Stats for Demolitions
Player Name G A P +/- PIM S H SB GA TA FO MP PP MP PK MP
------------------------------------------------------------------------------------
Aaron Palushaj 0 0 0 0 0 1 1 0 0 0 0/0 11:48 0:00 0:00
Alex Hutchings 0 0 0 0 0 0 0 0 0 0 0/0 0:00 0:00 0:00
Andrej Nestrasil 2 0 2 2 0 6 1 0 0 0 2/3 8:22 0:00 0:00
Brandon McMillan 1 0 1 1 0 4 0 0 1 0 0/0 15:58 0:00 0:00
Cameron Schilling 0 2 2 2 0 1 1 0 0 2 0/0 18:13 0:00 0:00
Corban Knight 0 1 1 1 0 1 1 0 0 0 7/11 15:58 0:00 0:00
Dennis Everberg 0 0 0 1 0 1 0 1 0 0 0/1 15:58 0:00 0:00
Derek Forbort 0 0 0 0 0 1 0 2 0 2 0/0 14:05 0:00 0:00
Dmitri Orlov 0 3 3 2 0 0 0 2 0 0 0/0 18:13 0:00 0:00
Erik Cole 0 0 0 -1 0 4 3 1 0 0 2/3 23:49 0:00 0:12
Joel Vermin 0 0 0 2 0 1 0 0 0 0 0/0 8:22 0:00 0:00
Jonathan Blum 0 0 0 0 0 2 0 2 0 0 0/0 27:24 0:00 0:12
Lane MacDermid 0 0 0 0 0 3 2 0 0 1 0/0 11:48 0:00 0:00
Michael Latta 0 0 0 -1 2 2 4 0 0 1 19/35 23:30 0:00 0:00
Nick Shore 0 0 0 0 0 0 0 0 0 0 0/0 0:12 0:00 0:00
Phil McRae 0 0 0 0 0 2 2 0 0 0 0/3 11:48 0:00 0:00
Robert Bortuzzo 0 0 0 0 0 0 0 0 0 0 0/0 0:42 0:00 0:00
Seth Helgeson 0 0 0 0 0 2 2 4 1 1 0/0 28:10 0:00 0:12
Spencer Machacek 0 0 0 -1 0 3 0 1 0 2 1/1 23:52 0:00 0:12
Taylor Aronson 0 0 0 0 0 2 0 1 0 1 0/0 13:13 0:00 0:00
Taylor Leier 0 0 0 2 0 0 0 1 0 0 0/0 8:22 0:00 0:00
3 Stars
1 - Andrej Nestrasil (Vic)
2 - Connor Hellebyuk (Vic)
3 - Dmitri Orlov (Vic)
Power Play
Gangsters - 1 on 1 Attempt(s) - 100.00%
Demolitions - 0 on 0 Attempt(s) - 0.00%
Penalty Kill
Gangsters - 0 on 0 Attempt(s) - 0.00%
- Score 0 goal in Penalty Kill
Demolitions - 0 on 1 Attempt(s) - 0.00%
- Score 0 goal in Penalty Kill
Team Stat
Gangsters - Hits : 20 - Faceoff Wins : 26 - Blocked Shots : 8 - Penalty Minutes : 0
Demolitions - Hits : 17 - Faceoff Wins : 31 - Blocked Shots : 15 - Penalty Minutes : 2
Official
Referees : Unknown
Linesman : Unknown
Game Notes
No Game Note
Finance
Level 1 -- Attendance: 1441 (72.05%) -- Ticket Income $37,466
Level 2 -- Attendance: 754 (75.40%) -- Ticket Income $6,786
Total Attendance: 2195 (73.17%)
Total Ticket Income: $44,252
Other Income: $2,213
Total Income: $46,465
Gangsters
5 vs 5 Forward
Center Left Wing Right Wing Time % Phy DF OF
1 Maxime Sauvé Dave Dziurzynski Richard Panik 40 1 2 2
2 Tomas Hertl David Pope Devante Smith-Pelly 30 1 2 2
3 Alexander Wennberg Phillip Danault Stefan Noesen 20 1 2 2
4 Seth Griffith Artturi Lehkonen Sebastian Collberg 10 1 2 2
5 vs 5 Defense
Defense Defense Time % Phy DF OF
1 Matt Delahey Brett Ponich 40 1 2 2
2 Jonas Brodin Derrick Pouliot 30 1 2 2
3 Ryan Culkin Steven Santini 20 1 2 2
4 Jordan Subban Matt Delahey 10 1 2 2
PowerPlay Forward
Center Left Wing Right Wing Time % Phy DF OF
1 Maxime Sauvé Dave Dziurzynski Richard Panik 60 1 2 2
2 Tomas Hertl David Pope Devante Smith-Pelly 40 1 2 2
PowerPlay Defense
Defense Defense Time % Phy DF OF
1 Matt Delahey Brett Ponich 60 1 2 2
2 Jonas Brodin Derrick Pouliot 40 1 2 2
Penalty Kill 4 Players Forward
Center Wing Time % Phy DF OF
1 Maxime Sauvé Richard Panik 60 1 2 2
2 Tomas Hertl Devante Smith-Pelly 40 1 2 2
Penalty Kill 4 Players Defense
Defense Defense Time % Phy DF OF
1 Matt Delahey Brett Ponich 60 1 2 2
2 Jonas Brodin Derrick Pouliot 40 1 2 2
Penalty Kill - 3 Players Forward
Forward Time % Phy DF OF
1 Maxime Sauvé 60 1 2 2
2 Richard Panik 40 1 2 2
Penalty Kill - 3 Players Defense
Defense Defense Time % Phy DF OF
1 Matt Delahey Brett Ponich 60 1 2 2
2 Jonas Brodin Derrick Pouliot 40 1 2 2
4 vs 4 Forward
Center Wing Time % Phy DF OF
1 Maxime Sauvé Richard Panik 60 1 2 2
2 Tomas Hertl Devante Smith-Pelly 40 1 2 2
4 vs 4 Defense
Defense Defense Time % Phy DF OF
1 Matt Delahey Brett Ponich 60 1 2 2
2 Jonas Brodin Derrick Pouliot 40 1 2 2
Last Minutes Offensive
Center Left Wing Right Wing Defense Defense
Maxime Sauvé Dave Dziurzynski Richard Panik Matt Delahey Brett Ponich
Last Minutes Defensive
Center Left Wing Right Wing Defense Defense
Maxime Sauvé Dave Dziurzynski Richard Panik Matt Delahey Brett Ponich
Goaltenders
Starting : Dustin Tokarski
Backup : Mike Condon
Extra Forwards
Normal : Kevin Roy, Austen Brassard, Alexander Wennberg - PP : Kevin Roy, Austen Brassard - PK : Alexander Wennberg
Extra Defensemen
Normal : Ryan Culkin, Steven Santini, Jordan Subban - PP : Ryan Culkin - PK : Steven Santini, Jordan Subban
Penalty Shots
Maxime Sauvé, Richard Panik, Tomas Hertl, Devante Smith-Pelly, Dave Dziurzynski
Scratches
Morgan Ellis (Bruised Right Arm Injury), Jordan Binnington (Healthy)
Demolitions
5 vs 5 Forward
Center Left Wing Right Wing Time % Phy DF OF
1 Michael Latta Erik Cole Spencer Machacek 61 0 0 5
2 Corban Knight Brandon McMillan Dennis Everberg 25 0 1 4
3 Phil McRae Lane MacDermid Aaron Palushaj 10 1 2 2
4 Andrej Nestrasil Taylor Leier Joel Vermin 4 1 2 2
5 vs 5 Defense
Defense Defense Time % Phy DF OF
1 Jonathan Blum Seth Helgeson 62 0 0 5
2 Cameron Schilling Dmitri Orlov 24 1 2 2
3 Taylor Aronson Derek Forbort 10 1 2 2
4 Jonathan Blum Seth Helgeson 4 1 2 2
PowerPlay Forward
Center Left Wing Right Wing Time % Phy DF OF
1 Michael Latta Erik Cole Spencer Machacek 60 0 0 5
2 Corban Knight Brandon McMillan Dennis Everberg 40 0 0 5
PowerPlay Defense
Defense Defense Time % Phy DF OF
1 Jonathan Blum Seth Helgeson 60 0 0 5
2 Cameron Schilling Dmitri Orlov 40 0 0 5
Penalty Kill 4 Players Forward
Center Wing Time % Phy DF OF
1 Erik Cole Spencer Machacek 60 1 2 2
2 Michael Latta Corban Knight 40 1 2 2
Penalty Kill 4 Players Defense
Defense Defense Time % Phy DF OF
1 Jonathan Blum Seth Helgeson 60 1 2 2
2 Cameron Schilling Dmitri Orlov 40 1 2 2
Penalty Kill - 3 Players Forward
Forward Time % Phy DF OF
1 Erik Cole 60 1 2 2
2 Spencer Machacek 40 1 2 2
Penalty Kill - 3 Players Defense
Defense Defense Time % Phy DF OF
1 Jonathan Blum Seth Helgeson 60 1 2 2
2 Cameron Schilling Dmitri Orlov 40 1 2 2
4 vs 4 Forward
Center Wing Time % Phy DF OF
1 Erik Cole Spencer Machacek 60 1 2 2
2 Michael Latta Corban Knight 40 1 2 2
4 vs 4 Defense
Defense Defense Time % Phy DF OF
1 Jonathan Blum Seth Helgeson 60 1 2 2
2 Cameron Schilling Dmitri Orlov 40 1 2 2
Last Minutes Offensive
Center Left Wing Right Wing Defense Defense
Michael Latta Erik Cole Spencer Machacek Jonathan Blum Seth Helgeson
Last Minutes Defensive
Center Left Wing Right Wing Defense Defense
Michael Latta Erik Cole Spencer Machacek Jonathan Blum Seth Helgeson
Goaltenders
Starting : Connor Hellebyuk
Backup : Karri Ramo
Extra Forwards
Normal : Nick Shore, Alex Hutchings, Phil McRae - PP : Nick Shore, Alex Hutchings - PK : Phil McRae
Extra Defensemen
Normal : Taylor Aronson, Derek Forbort, Cameron Schilling - PP : Taylor Aronson - PK : Derek Forbort, Cameron Schilling
Penalty Shots
Erik Cole, Spencer Machacek, Michael Latta, Corban Knight, Brandon McMillan
Scratches
Ryan Olsen (Healthy), Thomas DiPauli (Healthy), JC Lipon (Healthy), Colton Sceviour (Healthy), Billy Sweat (Right Hand Injury)
Nick Pryor (Healthy), Jake Paterson (Healthy)
% Time on Ice - Gangsters
Lines # - Real PCT - Wanted PCT - Time Play
Normal Forward
1 - 34% - 40% - 20:04
2 - 28% - 30% - 16:24
3 - 21% - 20% - 12:35
4 - 16% - 10% - 9:32
Normal Defense
1 - 37% - 40% - 21:53
2 - 31% - 30% - 17:55
3 - 23% - 20% - 13:14
4 - 9% - 10% - 5:33
PP Forward
1 - 100% - 60% - 0:12
2 - 0% - 40% - 0:00
PP Defense
1 - 100% - 60% - 0:12
2 - 0% - 40% - 0:00
PK Forward
1 - 0% - 60%
2 - 0% - 40%
PK Defense
1 - 0% - 60%
2 - 0% - 40%
PK3 Forward
1 - 0% - 60%
2 - 0% - 40%
PK3 Defense
1 - 0% - 60%
2 - 0% - 40%
44 Forward
1 - 0% - 60%
2 - 0% - 40%
44 Defense
1 - 0% - 60%
2 - 0% - 40%
Last Minute Offensive - 1:13
Last Minute Defensive - 0:00
Total
Forward - 60:00
Defense - 60:00
|
% Time on Ice - Demolitions
Lines # - Real PCT - Wanted PCT - Time Play
Normal Forward
1 - 38% - 61% - 22:26
2 - 27% - 25% - 15:58
3 - 20% - 10% - 11:48
4 - 14% - 4% - 8:22
Normal Defense
1 - 49% - 62% - 28:25
2 - 31% - 24% - 18:13
3 - 20% - 10% - 11:56
4 - 0% - 4% - 0:00
PP Forward
1 - 0% - 60%
2 - 0% - 40%
PP Defense
1 - 0% - 60%
2 - 0% - 40%
PK Forward
1 - 100% - 60% - 0:12
2 - 0% - 40% - 0:00
PK Defense
1 - 100% - 60% - 0:12
2 - 0% - 40% - 0:00
PK3 Forward
1 - 0% - 60%
2 - 0% - 40%
PK3 Defense
1 - 0% - 60%
2 - 0% - 40%
44 Forward
1 - 0% - 60%
2 - 0% - 40%
44 Defense
1 - 0% - 60%
2 - 0% - 40%
Last Minute Offensive - 0:00
Last Minute Defensive - 1:14
Total
Forward - 60:00
Defense - 60:00
|
Play-by-Play
1st period
0:01 of 1st period - Erik Cole wins face-off versus Maxime Sauvé in neutral zone.
0:39 of 1st period - Slapshot by Devante Smith-Pelly.
0:39 of 1st period - Shot Misses the Net.
1:13 of 1st period - Spencer Machacek is hit by Seth Griffith and loses puck.
1:48 of 1st period - Wrist shot by Brandon McMillan.
1:48 of 1st period - Stopped by Dustin Tokarski with a rebound.
2:08 of 1st period - Matt Delahey is hit by Michael Latta and loses puck.
2:56 of 1st period - Matt Delahey is hit by Seth Helgeson and loses puck.
3:13 of 1st period - Snap shot by Brandon McMillan.
3:13 of 1st period - Stopped by Dustin Tokarski without a rebound.
3:14 of 1st period - Devante Smith-Pelly wins face-off versus Corban Knight in Gangsters zone.
3:19 of 1st period - Corban Knight is hit by Tomas Hertl and loses puck.
3:26 of 1st period - Wrist shot by Tomas Hertl.
3:26 of 1st period - Shot Blocked by Derek Forbort.
3:28 of 1st period - Slapshot by Derrick Pouliot.
3:28 of 1st period - Shot Blocked by Dennis Everberg.
3:48 of 1st period - Slapshot by Spencer Machacek.
3:48 of 1st period - Shot Misses the Net.
4:50 of 1st period - Devante Smith-Pelly is hit by Michael Latta.
5:36 of 1st period - Snap shot by Lane MacDermid.
5:36 of 1st period - Stopped by Dustin Tokarski with a rebound.
5:48 of 1st period - Maxime Sauvé is hit by Michael Latta.
6:17 of 1st period - Wrist shot by Taylor Leier.
6:17 of 1st period - Shot Misses the Net.
6:19 of 1st period - Slapshot by Cameron Schilling.
6:19 of 1st period - Deflect By Andrej Nestrasil.
6:19 of 1st period - Stopped by Dustin Tokarski with a rebound.
6:29 of 1st period - Dmitri Orlov is hit by Stefan Noesen and loses puck.
6:42 of 1st period - Snap shot by Stefan Noesen.
6:42 of 1st period - Shot Misses the Net.
8:15 of 1st period - Snap shot by Richard Panik.
8:15 of 1st period - Shot Blocked by Derek Forbort.
8:27 of 1st period - David Pope is hit by Erik Cole and loses puck.
8:36 of 1st period - Derrick Pouliot is hit by Erik Cole and loses puck.
8:53 of 1st period - Phil McRae is hit by Brett Ponich and loses puck.
9:25 of 1st period - Icing by Richard Panik.
9:26 of 1st period - Tomas Hertl wins face-off versus Andrej Nestrasil in Gangsters zone.
9:37 of 1st period - Slapshot by Andrej Nestrasil.
9:37 of 1st period - Goal by Andrej Nestrasil - Gangsters : 0 - Demolitions : 1.
9:38 of 1st period - Maxime Sauvé wins face-off versus Michael Latta in neutral zone.
9:59 of 1st period - Minor Penalty to Michael Latta for Tripping.
10:00 of 1st period - Maxime Sauvé wins face-off versus Erik Cole in Demolitions zone.
10:09 of 1st period - Backhand shot by Richard Panik.
10:09 of 1st period - Stopped by Connor Hellebyuk with a rebound.
10:11 of 1st period - Wrist shot by Richard Panik.
10:11 of 1st period - Deflect By Maxime Sauvé.
10:11 of 1st period - Goal by Maxime Sauvé - Gangsters : 1 - Demolitions : 1.
10:12 of 1st period - Michael Latta wins face-off versus Maxime Sauvé in neutral zone.
10:37 of 1st period - Jonathan Blum is hit by Matt Delahey and loses puck.
11:23 of 1st period - Wrist shot by Stefan Noesen.
11:23 of 1st period - Stopped by Connor Hellebyuk without a rebound.
11:24 of 1st period - Michael Latta wins face-off versus Maxime Sauvé in Demolitions zone.
11:45 of 1st period - Wrist shot by Richard Panik.
11:45 of 1st period - Shot Blocked by Jonathan Blum.
11:49 of 1st period - Wrist shot by Devante Smith-Pelly.
11:49 of 1st period - Shot Blocked by Seth Helgeson.
11:51 of 1st period - Wrist shot by Tomas Hertl.
11:51 of 1st period - Shot Misses the Net.
12:11 of 1st period - Jonas Brodin is hit by Seth Helgeson and loses puck.
12:33 of 1st period - Off-side.
12:34 of 1st period - Maxime Sauvé wins face-off versus Michael Latta in neutral zone.
12:37 of 1st period - Snap shot by Maxime Sauvé.
12:37 of 1st period - Deflect By Dave Dziurzynski.
12:37 of 1st period - Stopped by Connor Hellebyuk without a rebound.
12:38 of 1st period - Richard Panik wins face-off versus Michael Latta in Demolitions zone.
12:54 of 1st period - Off-side.
12:55 of 1st period - Tomas Hertl wins face-off versus Michael Latta in neutral zone.
13:02 of 1st period - Slapshot by Erik Cole.
13:02 of 1st period - Shot Misses the Net.
13:04 of 1st period - Wrist shot by Michael Latta.
13:04 of 1st period - Deflect By Spencer Machacek.
13:04 of 1st period - Shot Misses the Net.
13:04 of 1st period - Puck is out of play.
13:05 of 1st period - Michael Latta wins face-off versus Tomas Hertl in Gangsters zone.
13:06 of 1st period - Snap shot by Spencer Machacek.
13:06 of 1st period - Shot Misses the Net.
13:08 of 1st period - Wrist shot by Erik Cole.
13:08 of 1st period - Deflect By Brett Ponich.
13:08 of 1st period - Stopped by Dustin Tokarski with a rebound.
13:10 of 1st period - Slapshot by Dmitri Orlov.
13:10 of 1st period - Shot Misses the Net.
13:12 of 1st period - Snap shot by Michael Latta.
13:12 of 1st period - Shot Misses the Net.
13:16 of 1st period - Snap shot by Michael Latta.
13:16 of 1st period - Shot Misses the Net.
13:20 of 1st period - Wrist shot by Michael Latta.
13:20 of 1st period - Stopped by Dustin Tokarski with a rebound.
13:22 of 1st period - Snap shot by Erik Cole.
13:22 of 1st period - Stopped by Dustin Tokarski without a rebound.
13:23 of 1st period - Corban Knight wins face-off versus Maxime Sauvé in Gangsters zone.
13:30 of 1st period - Snap shot by Corban Knight.
13:30 of 1st period - Stopped by Dustin Tokarski with a rebound.
13:55 of 1st period - Wrist shot by Spencer Machacek.
13:55 of 1st period - Shot Misses the Net.
14:08 of 1st period - Off-side.
14:09 of 1st period - Alexander Wennberg wins face-off versus Phil McRae in neutral zone.
14:31 of 1st period - Off-side.
14:32 of 1st period - Maxime Sauvé wins face-off versus Michael Latta in neutral zone.
14:35 of 1st period - Snap shot by Dave Dziurzynski.
14:35 of 1st period - Deflect By Erik Cole.
14:35 of 1st period - Stopped by Connor Hellebyuk with a rebound.
14:37 of 1st period - Snap shot by Dave Dziurzynski.
14:37 of 1st period - Shot Misses the Net.
14:39 of 1st period - Slapshot by Dave Dziurzynski.
14:39 of 1st period - Deflect By Richard Panik.
14:39 of 1st period - Shot Misses the Net.
14:39 of 1st period - Puck is out of play.
14:40 of 1st period - Maxime Sauvé wins face-off versus Michael Latta in Demolitions zone.
14:43 of 1st period - Snap shot by Richard Panik.
14:43 of 1st period - Shot Blocked by Jonathan Blum.
14:45 of 1st period - Slapshot by Dave Dziurzynski.
14:45 of 1st period - Stopped by Connor Hellebyuk with a rebound.
14:55 of 1st period - Snap shot by Dave Dziurzynski.
14:55 of 1st period - Shot Misses the Net.
15:02 of 1st period - Icing by Spencer Machacek.
15:03 of 1st period - Tomas Hertl wins face-off versus Corban Knight in Demolitions zone.
15:06 of 1st period - Backhand shot by Devante Smith-Pelly.
15:06 of 1st period - Shot Misses the Net.
15:08 of 1st period - Snap shot by Devante Smith-Pelly.
15:08 of 1st period - Stopped by Connor Hellebyuk without a rebound.
15:09 of 1st period - Corban Knight wins face-off versus Tomas Hertl in Demolitions zone.
15:22 of 1st period - Snap shot by Dennis Everberg.
15:22 of 1st period - Stopped by Dustin Tokarski without a rebound.
15:23 of 1st period - Maxime Sauvé wins face-off versus Michael Latta in Gangsters zone.
15:30 of 1st period - Snap shot by Spencer Machacek.
15:30 of 1st period - Stopped by Dustin Tokarski with a rebound.
15:32 of 1st period - Snap shot by Erik Cole.
15:32 of 1st period - Stopped by Dustin Tokarski without a rebound.
15:33 of 1st period - Michael Latta wins face-off versus Maxime Sauvé in Gangsters zone.
15:38 of 1st period - Wrist shot by Spencer Machacek.
15:38 of 1st period - Shot Hit the Post.
15:52 of 1st period - Wrist shot by Michael Latta.
15:52 of 1st period - Stopped by Dustin Tokarski without a rebound.
15:53 of 1st period - Corban Knight wins face-off versus Tomas Hertl in Gangsters zone.
15:56 of 1st period - Snap shot by Dennis Everberg.
15:56 of 1st period - Shot Misses the Net.
17:11 of 1st period - Snap shot by Andrej Nestrasil.
17:11 of 1st period - Goal by Andrej Nestrasil - Gangsters : 1 - Demolitions : 2.
17:12 of 1st period - Michael Latta wins face-off versus Maxime Sauvé in neutral zone.
17:39 of 1st period - Jonathan Blum is hit by Tomas Hertl and loses puck.
18:06 of 1st period - Slapshot by Cameron Schilling.
18:06 of 1st period - Stopped by Dustin Tokarski with a rebound.
18:08 of 1st period - Slapshot by Dmitri Orlov.
18:08 of 1st period - Deflect By Phil McRae.
18:08 of 1st period - Shot Misses the Net.
18:08 of 1st period - Puck is out of play.
18:09 of 1st period - Maxime Sauvé wins face-off versus Michael Latta in Gangsters zone.
18:36 of 1st period - Dmitri Orlov is hit by Tomas Hertl and loses puck.
19:12 of 1st period - Icing by Steven Santini.
19:13 of 1st period - Michael Latta wins face-off versus Seth Griffith in Gangsters zone.
19:14 of 1st period - Snap shot by Spencer Machacek.
19:14 of 1st period - Stopped by Dustin Tokarski with a rebound.
19:25 of 1st period - Slapshot by Ryan Culkin.
19:25 of 1st period - Stopped by Connor Hellebyuk with a rebound.
19:27 of 1st period - Backhand shot by Ryan Culkin.
19:27 of 1st period - Stopped by Connor Hellebyuk with a rebound.
19:29 of 1st period - Wrist shot by Sebastian Collberg.
19:29 of 1st period - Shot Misses the Net.
19:35 of 1st period - Slapshot by Seth Griffith.
19:35 of 1st period - Shot Blocked by Seth Helgeson.
19:37 of 1st period - Snap shot by Seth Griffith.
19:37 of 1st period - Stopped by Connor Hellebyuk with a rebound.
19:39 of 1st period - Wrist shot by Ryan Culkin.
19:39 of 1st period - Shot Blocked by Spencer Machacek.
19:41 of 1st period - Wrist shot by Artturi Lehkonen.
19:41 of 1st period - Stopped by Connor Hellebyuk with a rebound.
19:43 of 1st period - Slapshot by Artturi Lehkonen.
19:43 of 1st period - Stopped by Connor Hellebyuk with a rebound.
19:47 of 1st period - Wrist shot by Seth Griffith.
19:47 of 1st period - Shot Blocked by Erik Cole.
19:49 of 1st period - Slapshot by Ryan Culkin.
19:49 of 1st period - Shot Hit the Post.
19:59 of 1st period - Slapshot by Seth Griffith.
19:59 of 1st period - Shot Misses the Net.
Goals for this period are 1 for Gangsters vs 2 for Demolitions.
Shots for this period are 12 for Gangsters vs 16 for Demolitions.
2nd period
0:01 of 2nd period - Michael Latta wins face-off versus Maxime Sauvé in neutral zone.
0:04 of 2nd period - Slapshot by Seth Helgeson.
0:04 of 2nd period - Shot Blocked by Brett Ponich.
0:23 of 2nd period - Icing by Jonathan Blum.
0:24 of 2nd period - Michael Latta wins face-off versus Tomas Hertl in Demolitions zone.
0:37 of 2nd period - Snap shot by Dennis Everberg.
0:37 of 2nd period - Shot Blocked by Derrick Pouliot.
0:49 of 2nd period - Erik Cole is hit by Stefan Noesen and loses puck.
1:12 of 2nd period - Snap shot by Aaron Palushaj.
1:12 of 2nd period - Stopped by Dustin Tokarski with a rebound.
1:14 of 2nd period - Slapshot by Taylor Aronson.
1:14 of 2nd period - Stopped by Dustin Tokarski without a rebound.
1:15 of 2nd period - Maxime Sauvé wins face-off versus Phil McRae in Gangsters zone.
1:15 of 2nd period - Maxime Sauvé is hit by Lane MacDermid.
1:23 of 2nd period - Snap shot by Lane MacDermid.
1:23 of 2nd period - Shot Misses the Net.
1:25 of 2nd period - Wrist shot by Phil McRae.
1:25 of 2nd period - Stopped by Dustin Tokarski without a rebound.
1:26 of 2nd period - Michael Latta wins face-off versus Maxime Sauvé in Gangsters zone.
1:34 of 2nd period - Off-side.
1:35 of 2nd period - Maxime Sauvé wins face-off versus Michael Latta in neutral zone.
1:44 of 2nd period - Wrist shot by Maxime Sauvé.
1:44 of 2nd period - Stopped by Connor Hellebyuk with a rebound.
1:50 of 2nd period - Snap shot by Maxime Sauvé.
1:50 of 2nd period - Deflect By Richard Panik.
1:50 of 2nd period - Stopped by Connor Hellebyuk with a rebound.
2:24 of 2nd period - Snap shot by Erik Cole.
2:24 of 2nd period - Shot Misses the Net.
2:26 of 2nd period - Snap shot by Erik Cole.
2:26 of 2nd period - Stopped by Dustin Tokarski with a rebound.
2:44 of 2nd period - Slapshot by Spencer Machacek.
2:44 of 2nd period - Stopped by Dustin Tokarski with a rebound.
2:46 of 2nd period - Slapshot by Seth Helgeson.
2:46 of 2nd period - Stopped by Dustin Tokarski with a rebound.
2:48 of 2nd period - Snap shot by Spencer Machacek.
2:48 of 2nd period - Shot Misses the Net.
2:50 of 2nd period - Wrist shot by Seth Helgeson.
2:50 of 2nd period - Stopped by Dustin Tokarski with a rebound.
3:18 of 2nd period - Wrist shot by Richard Panik.
3:18 of 2nd period - Stopped by Connor Hellebyuk with a rebound.
3:50 of 2nd period - Erik Cole is hit by Matt Delahey and loses puck.
3:57 of 2nd period - Slapshot by Michael Latta.
3:57 of 2nd period - Shot Blocked by Maxime Sauvé.
3:59 of 2nd period - Slapshot by Erik Cole.
3:59 of 2nd period - Shot Misses the Net.
4:01 of 2nd period - Slapshot by Erik Cole.
4:01 of 2nd period - Shot Misses the Net.
4:03 of 2nd period - Wrist shot by Jonathan Blum.
4:03 of 2nd period - Stopped by Dustin Tokarski without a rebound.
4:04 of 2nd period - Corban Knight wins face-off versus Tomas Hertl in Gangsters zone.
4:05 of 2nd period - Snap shot by Brandon McMillan.
4:05 of 2nd period - Shot Misses the Net.
5:11 of 2nd period - Snap shot by Dennis Everberg.
5:11 of 2nd period - Shot Misses the Net.
5:21 of 2nd period - Snap shot by Devante Smith-Pelly.
5:21 of 2nd period - Stopped by Connor Hellebyuk without a rebound.
5:22 of 2nd period - Andrej Nestrasil wins face-off versus Alexander Wennberg in Demolitions zone.
5:31 of 2nd period - Snap shot by Stefan Noesen.
5:31 of 2nd period - Shot Misses the Net.
5:33 of 2nd period - Snap shot by Stefan Noesen.
5:33 of 2nd period - Shot Misses the Net.
5:37 of 2nd period - Snap shot by Alexander Wennberg.
5:37 of 2nd period - Shot Misses the Net.
5:49 of 2nd period - Steven Santini is hit by Lane MacDermid and loses puck.
6:06 of 2nd period - Ryan Culkin is hit by Andrej Nestrasil and loses puck.
6:25 of 2nd period - Phil McRae is hit by Stefan Noesen and loses puck.
7:14 of 2nd period - Dennis Everberg is hit by Devante Smith-Pelly and loses puck.
12:15 of 2nd period - Phil McRae is hit by David Pope and loses puck.
12:59 of 2nd period - Icing by Michael Latta.
13:00 of 2nd period - Andrej Nestrasil wins face-off versus Alexander Wennberg in Demolitions zone.
13:20 of 2nd period - Matt Delahey is hit by Erik Cole and loses puck.
13:39 of 2nd period - Brandon McMillan is hit by Dave Dziurzynski and loses puck.
13:58 of 2nd period - Backhand shot by Phil McRae.
13:58 of 2nd period - Stopped by Dustin Tokarski without a rebound.
13:59 of 2nd period - Sebastian Collberg wins face-off versus Phil McRae in Gangsters zone.
14:04 of 2nd period - Snap shot by Artturi Lehkonen.
14:04 of 2nd period - Stopped by Connor Hellebyuk with a rebound.
14:12 of 2nd period - Snap shot by Seth Griffith.
14:12 of 2nd period - Stopped by Connor Hellebyuk with a rebound.
14:14 of 2nd period - Wrist shot by Sebastian Collberg.
14:14 of 2nd period - Shot Misses the Net.
14:29 of 2nd period - Slapshot by Matt Delahey.
14:29 of 2nd period - Stopped by Connor Hellebyuk with a rebound.
14:31 of 2nd period - Slapshot by Brett Ponich.
14:31 of 2nd period - Shot Blocked by Dmitri Orlov.
14:33 of 2nd period - Wrist shot by Maxime Sauvé.
14:33 of 2nd period - Shot Misses the Net.
14:51 of 2nd period - Slapshot by Brandon McMillan.
14:51 of 2nd period - Stopped by Dustin Tokarski with a rebound.
14:53 of 2nd period - Slapshot by Dmitri Orlov.
14:53 of 2nd period - Shot Misses the Net.
15:12 of 2nd period - Slapshot by Derrick Pouliot.
15:12 of 2nd period - Deflect By Stefan Noesen.
15:12 of 2nd period - Shot Misses the Net.
15:12 of 2nd period - Puck is out of play.
15:13 of 2nd period - Spencer Machacek wins face-off versus Maxime Sauvé in Demolitions zone.
15:13 of 2nd period - Spencer Machacek is hit by Richard Panik.
15:23 of 2nd period - Wrist shot by Dave Dziurzynski.
15:23 of 2nd period - Stopped by Connor Hellebyuk without a rebound.
15:24 of 2nd period - Maxime Sauvé wins face-off versus Michael Latta in Demolitions zone.
15:27 of 2nd period - Snap shot by Dave Dziurzynski.
15:27 of 2nd period - Stopped by Connor Hellebyuk with a rebound.
15:29 of 2nd period - Snap shot by Dave Dziurzynski.
15:29 of 2nd period - Stopped by Connor Hellebyuk without a rebound.
15:30 of 2nd period - Maxime Sauvé wins face-off versus Michael Latta in Demolitions zone.
16:37 of 2nd period - Seth Helgeson is hit by Phillip Danault and loses puck.
16:48 of 2nd period - Snap shot by Alexander Wennberg.
16:48 of 2nd period - Stopped by Connor Hellebyuk without a rebound.
16:49 of 2nd period - Michael Latta wins face-off versus Maxime Sauvé in Demolitions zone.
16:51 of 2nd period - Icing by Spencer Machacek.
16:52 of 2nd period - Michael Latta wins face-off versus Dave Dziurzynski in Demolitions zone.
16:59 of 2nd period - Slapshot by Michael Latta.
16:59 of 2nd period - Deflect By Spencer Machacek.
16:59 of 2nd period - Shot Misses the Net.
16:59 of 2nd period - Puck is out of play.
17:00 of 2nd period - Maxime Sauvé wins face-off versus Michael Latta in Gangsters zone.
18:36 of 2nd period - Snap shot by Devante Smith-Pelly.
18:36 of 2nd period - Deflect By Tomas Hertl.
18:36 of 2nd period - Stopped by Connor Hellebyuk without a rebound.
18:37 of 2nd period - Tomas Hertl wins face-off versus Dennis Everberg in Demolitions zone.
18:40 of 2nd period - Slapshot by Devante Smith-Pelly.
18:40 of 2nd period - Stopped by Connor Hellebyuk without a rebound.
18:41 of 2nd period - Tomas Hertl wins face-off versus Corban Knight in Demolitions zone.
19:12 of 2nd period - Snap shot by Devante Smith-Pelly.
19:12 of 2nd period - Deflect By Tomas Hertl.
19:12 of 2nd period - Shot Blocked by Seth Helgeson.
19:12 of 2nd period - Puck is out of play.
19:13 of 2nd period - Maxime Sauvé wins face-off versus Michael Latta in Demolitions zone.
19:16 of 2nd period - Wrist shot by Dave Dziurzynski.
19:16 of 2nd period - Deflect By Richard Panik.
19:16 of 2nd period - Shot Misses the Net.
19:16 of 2nd period - Puck is out of play.
19:17 of 2nd period - Michael Latta wins face-off versus Maxime Sauvé in Demolitions zone.
19:52 of 2nd period - Wrist shot by Stefan Noesen.
19:52 of 2nd period - Goal by Stefan Noesen - Gangsters : 2 - Demolitions : 2.
19:53 of 2nd period - Corban Knight wins face-off versus Maxime Sauvé in neutral zone.
Goals for this period are 1 for Gangsters vs 0 for Demolitions.
Shots for this period are 14 for Gangsters vs 10 for Demolitions.
3rd period
0:01 of 3rd period - Michael Latta wins face-off versus Maxime Sauvé in neutral zone.
0:14 of 3rd period - Snap shot by Maxime Sauvé.
0:14 of 3rd period - Stopped by Connor Hellebyuk with a rebound.
0:16 of 3rd period - Wrist shot by Richard Panik.
0:16 of 3rd period - Stopped by Connor Hellebyuk with a rebound.
0:26 of 3rd period - Devante Smith-Pelly is hit by Corban Knight.
0:30 of 3rd period - Slapshot by Corban Knight.
0:30 of 3rd period - Shot Blocked by Devante Smith-Pelly.
0:53 of 3rd period - Stefan Noesen is hit by Aaron Palushaj and loses puck.
1:15 of 3rd period - Slapshot by Artturi Lehkonen.
1:15 of 3rd period - Stopped by Connor Hellebyuk without a rebound.
1:16 of 3rd period - Michael Latta wins face-off versus Maxime Sauvé in Demolitions zone.
2:11 of 3rd period - Slapshot by Jonas Brodin.
2:11 of 3rd period - Stopped by Connor Hellebyuk with a rebound.
2:13 of 3rd period - Slapshot by Derrick Pouliot.
2:13 of 3rd period - Shot Blocked by Taylor Leier.
2:25 of 3rd period - Wrist shot by Maxime Sauvé.
2:25 of 3rd period - Shot Misses the Net.
2:31 of 3rd period - Wrist shot by Andrej Nestrasil.
2:31 of 3rd period - Stopped by Dustin Tokarski with a rebound.
2:33 of 3rd period - Snap shot by Derek Forbort.
2:33 of 3rd period - Shot Blocked by Richard Panik.
2:35 of 3rd period - Slapshot by Joel Vermin.
2:35 of 3rd period - Shot Misses the Net.
2:37 of 3rd period - Wrist shot by Taylor Aronson.
2:37 of 3rd period - Stopped by Dustin Tokarski with a rebound.
2:39 of 3rd period - Snap shot by Joel Vermin.
2:39 of 3rd period - Deflect By Andrej Nestrasil.
2:39 of 3rd period - Stopped by Dustin Tokarski with a rebound.
2:41 of 3rd period - Wrist shot by Joel Vermin.
2:41 of 3rd period - Shot Misses the Net.
2:43 of 3rd period - Wrist shot by Joel Vermin.
2:43 of 3rd period - Stopped by Dustin Tokarski with a rebound.
2:45 of 3rd period - Snap shot by Derek Forbort.
2:45 of 3rd period - Stopped by Dustin Tokarski without a rebound.
2:46 of 3rd period - Tomas Hertl wins face-off versus Michael Latta in Gangsters zone.
2:53 of 3rd period - Snap shot by David Pope.
2:53 of 3rd period - Shot Misses the Net.
2:55 of 3rd period - Slapshot by Steven Santini.
2:55 of 3rd period - Stopped by Connor Hellebyuk with a rebound.
2:57 of 3rd period - Slapshot by Ryan Culkin.
2:57 of 3rd period - Shot Misses the Net.
2:59 of 3rd period - Snap shot by Tomas Hertl.
2:59 of 3rd period - Stopped by Connor Hellebyuk without a rebound.
3:00 of 3rd period - Michael Latta wins face-off versus Richard Panik in Demolitions zone.
4:48 of 3rd period - Corban Knight is hit by Devante Smith-Pelly.
5:08 of 3rd period - Snap shot by Lane MacDermid.
5:08 of 3rd period - Stopped by Dustin Tokarski with a rebound.
5:31 of 3rd period - Brett Ponich is hit by Michael Latta and loses puck.
6:47 of 3rd period - Matt Delahey is hit by Phil McRae and loses puck.
6:54 of 3rd period - Snap shot by Lane MacDermid.
6:54 of 3rd period - Stopped by Dustin Tokarski without a rebound.
6:55 of 3rd period - Maxime Sauvé wins face-off versus Michael Latta in Gangsters zone.
8:08 of 3rd period - Matt Delahey is hit by Cameron Schilling and loses puck.
8:23 of 3rd period - Wrist shot by Dave Dziurzynski.
8:23 of 3rd period - Shot Misses the Net.
8:29 of 3rd period - Snap shot by Maxime Sauvé.
8:29 of 3rd period - Shot Misses the Net.
9:25 of 3rd period - Slapshot by Alexander Wennberg.
9:25 of 3rd period - Shot Blocked by Taylor Aronson.
9:33 of 3rd period - Jonas Brodin is hit by Phil McRae.
9:53 of 3rd period - Slapshot by Taylor Aronson.
9:53 of 3rd period - Shot Blocked by Richard Panik.
10:10 of 3rd period - Snap shot by Ryan Culkin.
10:10 of 3rd period - Deflect By Erik Cole.
10:10 of 3rd period - Stopped by Connor Hellebyuk without a rebound.
10:11 of 3rd period - Erik Cole wins face-off versus Tomas Hertl in Demolitions zone.
10:18 of 3rd period - Wrist shot by Tomas Hertl.
10:18 of 3rd period - Deflect By Devante Smith-Pelly.
10:18 of 3rd period - Stopped by Connor Hellebyuk without a rebound.
10:19 of 3rd period - Michael Latta wins face-off versus Maxime Sauvé in Demolitions zone.
11:03 of 3rd period - Snap shot by Alexander Wennberg.
11:03 of 3rd period - Stopped by Connor Hellebyuk with a rebound.
11:05 of 3rd period - Wrist shot by Derrick Pouliot.
11:05 of 3rd period - Stopped by Connor Hellebyuk with a rebound.
11:07 of 3rd period - Slapshot by Phillip Danault.
11:07 of 3rd period - Shot Misses the Net.
11:49 of 3rd period - Snap shot by Andrej Nestrasil.
11:49 of 3rd period - Stopped by Dustin Tokarski without a rebound.
11:50 of 3rd period - Corban Knight wins face-off versus Richard Panik in Gangsters zone.
11:51 of 3rd period - Wrist shot by Brandon McMillan.
11:51 of 3rd period - Shot Misses the Net.
11:53 of 3rd period - Slapshot by Cameron Schilling.
11:53 of 3rd period - Shot Blocked by Ryan Culkin.
11:57 of 3rd period - Slapshot by Corban Knight.
11:57 of 3rd period - Shot Blocked by Dave Dziurzynski.
11:59 of 3rd period - Slapshot by Brandon McMillan.
11:59 of 3rd period - Goal by Brandon McMillan - Gangsters : 2 - Demolitions : 3.
12:00 of 3rd period - Michael Latta wins face-off versus Maxime Sauvé in neutral zone.
12:32 of 3rd period - Snap shot by Devante Smith-Pelly.
12:32 of 3rd period - Stopped by Connor Hellebyuk with a rebound.
12:48 of 3rd period - Cameron Schilling is hit by Stefan Noesen and loses puck.
13:02 of 3rd period - Seth Helgeson is hit by Ryan Culkin and loses puck.
14:11 of 3rd period - Backhand shot by Lane MacDermid.
14:11 of 3rd period - Shot Misses the Net.
14:13 of 3rd period - Slapshot by Jonathan Blum.
14:13 of 3rd period - Stopped by Dustin Tokarski without a rebound.
14:14 of 3rd period - Michael Latta wins face-off versus Dave Dziurzynski in Gangsters zone.
14:25 of 3rd period - Slapshot by Richard Panik.
14:25 of 3rd period - Shot Misses the Net.
15:29 of 3rd period - Off-side.
15:30 of 3rd period - Maxime Sauvé wins face-off versus Corban Knight in neutral zone.
15:57 of 3rd period - Erik Cole is hit by Tomas Hertl and loses puck.
16:39 of 3rd period - Off-side.
16:40 of 3rd period - Tomas Hertl wins face-off versus Michael Latta in neutral zone.
16:47 of 3rd period - Snap shot by Devante Smith-Pelly.
16:47 of 3rd period - Shot Misses the Net.
17:10 of 3rd period - Snap shot by Dave Dziurzynski.
17:10 of 3rd period - Deflect By Richard Panik.
17:10 of 3rd period - Shot Blocked by Dmitri Orlov.
17:10 of 3rd period - Puck is out of play.
17:11 of 3rd period - Michael Latta wins face-off versus Maxime Sauvé in Demolitions zone.
17:11 of 3rd period - Michael Latta is hit by Jonas Brodin.
17:33 of 3rd period - Slapshot by Dave Dziurzynski.
17:33 of 3rd period - Stopped by Connor Hellebyuk without a rebound.
17:34 of 3rd period - Corban Knight wins face-off versus Tomas Hertl in Demolitions zone.
18:16 of 3rd period - Wrist shot by Richard Panik.
18:16 of 3rd period - Shot Misses the Net.
18:54 of 3rd period - Gangsters, Dustin Tokarski is pulled from the net.
19:16 of 3rd period - Snap shot by Richard Panik.
19:16 of 3rd period - Stopped by Connor Hellebyuk with a rebound.
19:18 of 3rd period - Snap shot by Maxime Sauvé.
19:18 of 3rd period - Stopped by Connor Hellebyuk with a rebound.
19:24 of 3rd period - Wrist shot by Maxime Sauvé.
19:24 of 3rd period - Shot Blocked by Seth Helgeson.
19:28 of 3rd period - Slapshot by Dave Dziurzynski.
19:28 of 3rd period - Shot Misses the Net.
19:40 of 3rd period - Wrist shot by Maxime Sauvé.
19:40 of 3rd period - Shot Misses the Net.
19:44 of 3rd period - Slapshot by Richard Panik.
19:44 of 3rd period - Stopped by Connor Hellebyuk with a rebound.
19:46 of 3rd period - Slapshot by Matt Delahey.
19:46 of 3rd period - Stopped by Connor Hellebyuk with a rebound.
19:48 of 3rd period - Slapshot by Matt Delahey.
19:48 of 3rd period - Deflect By Richard Panik.
19:48 of 3rd period - Stopped by Connor Hellebyuk with a rebound.
19:50 of 3rd period - Wrist shot by Dave Dziurzynski.
19:50 of 3rd period - Stopped by Connor Hellebyuk with a rebound.
Goals for this period are 0 for Gangsters vs 1 for Demolitions.
Shots for this period are 18 for Gangsters vs 10 for Demolitions.
Back to the Top